Red Wings vs Whalers

Created - 19 février 2018 at 18:11

Goals
1 2 3 OT1 SO T
Red Wings 0 1 2 0 1 4
Whalers 0 1 2 0 0 3
Shots
1 2 3 OT1 SO T
Red Wings 11 15 12 0 5 38
Whalers 10 11 7 1 5 29

1st period

No Goal

Penalties :
No Penalty

2nd period

1. Whalers , Loui Eriksson 13 (Austin Watson 15) at 13:32
2. Red Wings , John Tavares 29 (David Pastrnak 26) at 18:05 (PP)

Penalties :
Kris Versteeg (HAR) for Hooking (Minor) at 18:01

3rd period

3. Red Wings , John Carlson 4 (Mark Scheifele 37, David Pastrnak 27) at 1:51 (PP)
4. Red Wings , Tomas Tatar 19 (Brandon Dubinsky 20) at 4:15 (PP)
5. Whalers , Kris Versteeg 19 (Lance Bouma 6, Mark Barberio 3) at 6:18
6. Whalers , Scott Hartnell 12 (BROCK BOESER 12, Byron Froese 7) at 14:42

Penalties :
BROCK BOESER (HAR) for Boarding (Minor) at 1:34, Dustin Byfuglien (HAR) for Holding (Minor) at 3:43, Dustin Byfuglien (HAR) for Interference (Minor) at 15:21

Overtime #1

No Goal

Penalties :
No Penalty

Shootout

Penalty Shot by Nick Bonino for Red Wings - Shot Misses the Net
Penalty Shot by Dustin Byfuglien for Whalers - Shot Misses the Net
Penalty Shot by John Tavares for Red Wings - Stopped by Connor Hellebuyck
Penalty Shot by Phil Kessel for Whalers - Shot Misses the Net
Penalty Shot by David Pastrnak for Red Wings - Stopped by Connor Hellebuyck
Penalty Shot by BROCK BOESER for Whalers - Shot Misses the Net
Penalty Shot by Tomas Tatar for Red Wings - Shot Misses the Net
Penalty Shot by Loui Eriksson for Whalers - Stopped by James Reimer
Penalty Shot by Mark Scheifele for Red Wings - Goal!
Penalty Shot by Scott Hartnell for Whalers - Stopped by James Reimer

Penalties :
No Penalty

Goalie Stats

James Reimer (DET), 26 saves from 29 shots - (0,897), W, 22-16-4, 65:00 minutes
Connor Hellebuyck (HAR), 35 saves from 38 shots - (0,921), OTL, 18-22-6, 65:00 minutes

Players Stats for Red Wings

Player Name              G  A  P  +/- PIM S  H  SB GA TA FO     MP     PP MP  PK MP  
------------------------------------------------------------------------------------
Ben Hutton               0  0  0  -1  0   0  1  2  0  0  0/0    19:06   1:57   0:00 
Brandon Dubinsky         0  1  1   0  0   4  4  0  0  0  5/11   19:03   1:05   0:00 
Cedric Paquette          0  0  0   0  0   0  1  0  0  0  0/0     8:46   0:00   0:00 
Christian Djoos          0  0  0  -1  0   0  0  0  0  0  0/0    15:05   0:00   0:00 
Connor Murphy            0  0  0   0  0   1  2  0  0  0  0/0    16:16   0:00   0:00 
David Pastrnak           0  2  2   0  0   4  1  0  3  0  1/1    19:43   1:41   0:00 
Dion Phaneuf             0  0  0  -2  0   1  1  0  1  2  0/0    28:40   0:55   0:00 
Jake DeBrusk             0  0  0   0  0   2  0  0  0  1  0/0     7:23   0:06   0:00 
John Carlson             1  0  1  -2  0   2  5  2  1  1  0/0    24:35   1:57   0:00 
John Tavares             1  0  1  -1  0   7  3  1  0  0  23/34  23:35   1:47   0:00 
Joseph Blandisi          0  0  0  -2  0   2  3  0  1  0  1/1    12:59   0:00   0:00 
Lukas Sedlak             0  0  0   0  0   0  1  0  0  0  0/1     7:49   0:00   0:00 
Mark Scheifele           0  1  1  -1  0   3  3  0  1  0  2/3    23:17   1:47   0:00 
Matt Nieto               0  0  0  -2  0   2  2  0  1  0  0/0    13:10   0:00   0:00 
Nick Bonino              0  0  0  -2  0   0  3  1  0  0  4/6    13:36   0:00   0:00 
Oscar Lindberg           0  0  0   0  0   0  0  0  0  0  0/0     0:29   0:00   0:00 
Paul Martin              0  0  0   0  0   1  1  0  0  0  0/0    21:18   0:55   0:00 
Sam Gagner               0  0  0   0  0   3  1  0  0  2  0/0    17:27   1:05   0:00 
Tomas Tatar              1  0  1  -1  0   6  1  2  0  0  0/0    22:43   1:05   0:00 

Players Stats for Whalers

Player Name              G  A  P  +/- PIM S  H  SB GA TA FO     MP     PP MP  PK MP  
------------------------------------------------------------------------------------
Austin Watson            0  1  1   1  0   2  1  0  0  0  13/32  18:02   0:00   0:00 
Blake Coleman            0  0  0   1  0   0  0  0  0  0  0/0     3:04   0:00   0:00 
BROCK BOESER             0  1  1   1  2   7  0  0  2  1  0/1    21:44   0:00   1:36 
Brooks Orpik             0  0  0   0  0   0  2  2  0  1  0/0    29:13   0:00   2:00 
Byron Froese             0  1  1   1  0   0  2  0  0  0  4/10   18:24   0:00   0:00 
Dennis Wideman           0  0  0   2  0   0  1  2  0  1  0/0    20:36   0:00   0:52 
Drake Caggiula           0  0  0   0  0   1  1  0  0  0  0/0     7:03   0:00   0:33 
Dustin Byfuglien         0  0  0   0  4   2  2  4  1  0  0/0    27:57   0:00   0:17 
Jaycob Megna             0  0  0   1  0   1  1  0  0  1  0/0    15:32   0:00   1:43 
Jonny Brodzinski         0  0  0   0  0   1  1  0  0  1  0/0     6:27   0:00   0:00 
Kris Versteeg            1  0  1   1  2   3  0  0  0  1  1/1    15:36   0:00   0:00 
Lance Bouma              0  1  1   1  0   1  1  1  0  1  0/4    14:01   0:00   0:00 
Loui Eriksson            1  0  1   1  0   3  1  0  0  0  1/1    19:46   0:00   0:26 
Mark Barberio            0  1  1   2  0   1  0  5  1  1  0/0    18:43   0:00   0:45 
Phil Kessel              0  0  0   0  0   3  0  1  2  0  2/7    25:21   0:00   1:53 
Ryan Callahan            0  0  0   1  0   1  3  3  0  0  0/0    16:12   0:00   0:50 
Ryan Pulock              0  0  0   1  0   0  3  0  0  0  0/0    14:14   0:00   0:07 
Scott Hartnell           1  0  1   1  0   3  1  0  0  0  0/1    20:09   0:00   0:26 

3 Stars

1 - John Carlson (DET)
2 - John Tavares (DET)
3 - Scott Hartnell (HAR)

Power Play

Red Wings - 3 on 4 Attempt(s) - 75,00%
Whalers - 0 on 0 Attempt(s) - 0,00%

Penalty Kill

Red Wings - 0 on 0 Attempt(s) - 0,00% - Score 0 goal in Penalty Kill
Whalers - 1 on 4 Attempt(s) - 25,00% - Score 0 goal in Penalty Kill

Team Stat

Red Wings - Hits : 33 - Faceoff Wins : 36 - Blocked Shots : 8 - Penalty Minutes : 0
Whalers - Hits : 20 - Faceoff Wins : 21 - Blocked Shots : 18 - Penalty Minutes : 8

Official

Referees : Rob Martell and Dan O'Rourke
Linesman : Greg Devorski and Derek Nansen

Game Notes

No Game Note

Finance

Level 1 -- Attendance: 6000 (100,00%) -- Ticket Income 450 000 $
Level 2 -- Attendance: 3612 (72,24%) -- Ticket Income 234 780 $
Level 3 -- Attendance: 1425 (71,25%) -- Ticket Income 64 125 $
Level 4 -- Attendance: 1883 (47,08%) -- Ticket Income 65 905 $
Luxury Box -- Attendance: 910 (91,00%) -- Ticket Income 113 750 $
Game was played at the The Fishbowl.
Total Attendance: 13830 (76,83%)
Total Ticket Income: 928 560 $
Other Income: 454 994 $
Total Income: 1 383 554 $

Red Wings

5 vs 5 Forward 
   Center                   Left Wing                Right Wing               Time % Phy DF OF 
 1 John Tavares             Tomas Tatar              Mark Scheifele           42     1   2  2  
 2 Brandon Dubinsky         Sam Gagner               David Pastrnak           32     1   2  2  
 3 Nick Bonino              Matt Nieto               Joseph Blandisi          18     1   2  2  
 4 Lukas Sedlak             Jake DeBrusk             Cedric Paquette          8      2   2  1  

5 vs 5 Defense 
   Defense                  Defense                                           Time % Phy DF OF 
 1 John Carlson             Dion Phaneuf                                      40     2   2  1  
 2 Paul Martin              Connor Murphy                                     30     2   2  1  
 3 Christian Djoos          Ben Hutton                                        20     2   2  1  
 4 Paul Martin              Dion Phaneuf                                      10     1   2  2  

PowerPlay Forward 
   Center                   Left Wing                Right Wing               Time % Phy DF OF 
 1 John Tavares             David Pastrnak           Mark Scheifele           60     1   1  3  
 2 Brandon Dubinsky         Sam Gagner               Tomas Tatar              40     1   1  3  

PowerPlay Defense
   Defense                  Defense                                           Time % Phy DF OF 
 1 John Carlson             Ben Hutton                                        60     1   1  3  
 2 Paul Martin              Dion Phaneuf                                      40     1   1  3  

Penalty Kill 4 Players Forward 
   Center                   Wing                     Time % Phy DF OF 
 1 Nick Bonino              Cedric Paquette          60     1   3  1  
 2 Brandon Dubinsky         Matt Nieto               40     1   3  1  

Penalty Kill 4 Players Defense
   Defense                  Defense                  Time % Phy DF OF 
 1 Connor Murphy            Paul Martin              60     1   3  1  
 2 John Carlson             Dion Phaneuf             40     1   3  1  

Penalty Kill - 3 Players Forward 
   Forward                                           Time % Phy DF OF 
 1 Nick Bonino                                       60     1   4  0  
 2 Brandon Dubinsky                                  40     1   4  0  

Penalty Kill - 3 Players Defense
   Defense                  Defense                  Time % Phy DF OF 
 1 Connor Murphy            Paul Martin              60     1   4  0  
 2 John Carlson             Dion Phaneuf             40     1   4  0  

4 vs 4 Forward 
   Center                   Wing                     Time % Phy DF OF 
 1 John Tavares             David Pastrnak           60     1   2  2  
 2 Nick Bonino              Mark Scheifele           40     1   2  2  

4 vs 4 Defense
   Defense                  Defense                  Time % Phy DF OF 
 1 Dion Phaneuf             John Carlson             60     1   2  2  
 2 Christian Djoos          Connor Murphy            40     1   2  2  

Last Minutes Offensive
   Center                   Left Wing                Right Wing               Defense                  Defense                  
   John Tavares             David Pastrnak           Mark Scheifele           Dion Phaneuf             John Carlson             

Last Minutes Defensive
   Center                   Left Wing                Right Wing               Defense                  Defense                  
   Nick Bonino              Brandon Dubinsky         Matt Nieto               Dion Phaneuf             John Carlson             

Goaltenders
Starting : James Reimer             
Backup : Anders Nilsson           

Extra Forwards
Normal : John Tavares, Lukas Sedlak, Oscar Lindberg - PP : John Tavares, David Pastrnak - PK : Oscar Lindberg
Extra Defensemen
Normal : Connor Murphy, Christian Djoos, Ben Hutton - PP : Connor Murphy - PK : Connor Murphy, Ben Hutton
Penalty Shots
Nick Bonino, John Tavares, David Pastrnak, Tomas Tatar, Mark Scheifele
Custom OT Lines Forwards
John Tavares, David Pastrnak, Mark Scheifele, Cedric Paquette, Brandon Dubinsky, Tomas Tatar, Nick Bonino, Matt Nieto, Joseph Blandisi, Jake DeBrusk
Custom OT Lines Defensemen
Ben Hutton, Dion Phaneuf, John Carlson, Connor Murphy, Christian Djoos

Scratches
Bryce Van Brabant (Healthy), Michael Zalewski (Healthy), Ryan Johnston (Healthy)

Whalers

5 vs 5 Forward 
   Center                   Left Wing                Right Wing               Time % Phy DF OF 
 1 Austin Watson            Loui Eriksson            Phil Kessel              40     0   2  3  
 2 Byron Froese             Scott Hartnell           BROCK BOESER             30     0   2  3  
 3 Lance Bouma              Kris Versteeg            Ryan Callahan            20     0   2  3  
 4 Drake Caggiula           Phil Kessel              Jonny Brodzinski         10     0   2  3  

5 vs 5 Defense 
   Defense                  Defense                                           Time % Phy DF OF 
 1 Dustin Byfuglien         Brooks Orpik                                      40     0   2  3  
 2 Dennis Wideman           Mark Barberio                                     30     0   2  3  
 3 Ryan Pulock              Jaycob Megna                                      20     0   2  3  
 4 Dustin Byfuglien         Brooks Orpik                                      10     0   2  3  

PowerPlay Forward 
   Center                   Left Wing                Right Wing               Time % Phy DF OF 
 1 Austin Watson            Loui Eriksson            Phil Kessel              60     0   2  3  
 2 Byron Froese             Scott Hartnell           BROCK BOESER             40     0   2  3  

PowerPlay Defense
   Defense                  Defense                                           Time % Phy DF OF 
 1 Dustin Byfuglien         Brooks Orpik                                      60     0   2  3  
 2 Dennis Wideman           Mark Barberio                                     40     0   2  3  

Penalty Kill 4 Players Forward 
   Center                   Wing                     Time % Phy DF OF 
 1 Phil Kessel              BROCK BOESER             60     0   2  3  
 2 Loui Eriksson            Scott Hartnell           40     0   2  3  

Penalty Kill 4 Players Defense
   Defense                  Defense                  Time % Phy DF OF 
 1 Dustin Byfuglien         Brooks Orpik             60     1   2  2  
 2 Dennis Wideman           Mark Barberio            40     1   2  2  

Penalty Kill - 3 Players Forward 
   Forward                                           Time % Phy DF OF 
 1 Phil Kessel                                       60     1   2  2  
 2 BROCK BOESER                                      40     1   2  2  

Penalty Kill - 3 Players Defense
   Defense                  Defense                  Time % Phy DF OF 
 1 Dustin Byfuglien         Brooks Orpik             60     1   2  2  
 2 Dennis Wideman           Mark Barberio            40     1   2  2  

4 vs 4 Forward 
   Center                   Wing                     Time % Phy DF OF 
 1 Phil Kessel              BROCK BOESER             60     0   2  2  
 2 Loui Eriksson            Scott Hartnell           40     0   2  3  

4 vs 4 Defense
   Defense                  Defense                  Time % Phy DF OF 
 1 Dustin Byfuglien         Brooks Orpik             60     0   2  3  
 2 Dennis Wideman           Mark Barberio            40     0   2  3  

Last Minutes Offensive
   Center                   Left Wing                Right Wing               Defense                  Defense                  
   Austin Watson            Loui Eriksson            Phil Kessel              Dustin Byfuglien         Brooks Orpik             

Last Minutes Defensive
   Center                   Left Wing                Right Wing               Defense                  Defense                  
   Austin Watson            Loui Eriksson            Phil Kessel              Dustin Byfuglien         Brooks Orpik             

Goaltenders
Starting : Connor Hellebuyck        
Backup : Louis Domingue           

Extra Forwards
Normal : Blake Coleman, Kris Versteeg, Ryan Callahan - PP : Blake Coleman, Kris Versteeg - PK : Ryan Callahan
Extra Defensemen
Normal : Ryan Pulock, Jaycob Megna, Dennis Wideman - PP : Ryan Pulock - PK : Jaycob Megna, Dennis Wideman
Penalty Shots
Dustin Byfuglien, Phil Kessel, BROCK BOESER, Loui Eriksson, Scott Hartnell
Custom OT Lines Forwards
Dustin Byfuglien, Phil Kessel, BROCK BOESER, Loui Eriksson, Scott Hartnell, Kris Versteeg, Ryan Callahan, Austin Watson, Byron Froese, Lance Bouma
Custom OT Lines Defensemen
Dustin Byfuglien, Brooks Orpik, Dennis Wideman, Mark Barberio, Ryan Pulock

Scratches
Kris Russell (Healthy), Derek Stepan (Healthy)

% Time on Ice - Red Wings

Lines # - Real PCT - Wanted PCT - Time Play
Normal Forward
1 - 36% - 42% - 20:37
2 - 28% - 32% - 16:15
3 - 23% - 18% - 12:59
4 - 13% - 8% - 7:17
Normal Defense
1 - 38% - 40% - 21:40
2 - 28% - 30% - 16:05
3 - 26% - 20% - 15:05
4 - 8% - 10% - 4:18
PP Forward
1 - 62% - 60% - 1:47
2 - 38% - 40% - 1:05
PP Defense
1 - 68% - 60% - 1:57
2 - 32% - 40% - 0:55
PK Forward
1 - 0% - 60%
2 - 0% - 40%
PK Defense
1 - 0% - 60%
2 - 0% - 40%
PK3 Forward
1 - 0% - 60%
2 - 0% - 40%
PK3 Defense
1 - 0% - 60%
2 - 0% - 40%
44 Forward
1 - 0% - 60%
2 - 0% - 40%
44 Defense
1 - 0% - 60%
2 - 0% - 40%
Last Minute Offensive  - 0:00
Last Minute Defensive  - 0:00
Total
Forward - 60:00
Defense - 60:00

% Time on Ice - Whalers

Lines # - Real PCT - Wanted PCT - Time Play
Normal Forward
1 - 32% - 40% - 18:16
2 - 32% - 30% - 18:24
3 - 25% - 20% - 14:01
4 - 11% - 10% - 6:27
Normal Defense
1 - 38% - 40% - 21:50
2 - 30% - 30% - 17:23
3 - 24% - 20% - 13:49
4 - 7% - 10% - 4:06
PP Forward
1 - 0% - 60%
2 - 0% - 40%
PP Defense
1 - 0% - 60%
2 - 0% - 40%
PK Forward
1 - 85% - 60% - 2:26
2 - 15% - 40% - 0:26
PK Defense
1 - 74% - 60% - 2:07
2 - 26% - 40% - 0:45
PK3 Forward
1 - 0% - 60%
2 - 0% - 40%
PK3 Defense
1 - 0% - 60%
2 - 0% - 40%
44 Forward
1 - 0% - 60%
2 - 0% - 40%
44 Defense
1 - 0% - 60%
2 - 0% - 40%
Last Minute Offensive  - 0:00
Last Minute Defensive  - 0:00
Total
Forward - 60:00
Defense - 60:00

Play by Play

1st period


0:01 of 1st period - John Tavares wins face-off versus Austin Watson in neutral zone.
0:07 of 1st period - Dustin Byfuglien is hit by John Tavares.
0:47 of 1st period - Snap shot by David Pastrnak.
0:47 of 1st period - Shot Misses the Net.
0:57 of 1st period - Wrist shot by Matt Nieto.
0:57 of 1st period - Shot Blocked by Ryan Callahan.
0:59 of 1st period - Slapshot by John Carlson.
0:59 of 1st period - Shot Blocked by Lance Bouma.
1:35 of 1st period - Snap shot by John Tavares.
1:35 of 1st period - Deflect By Mark Scheifele.
1:35 of 1st period - Shot Blocked by Ryan Callahan.
1:35 of 1st period - Puck is out of play.
1:36 of 1st period - Brandon Dubinsky wins face-off versus Austin Watson in Whalers zone.
1:37 of 1st period - Backhand shot by David Pastrnak.
1:37 of 1st period - Stopped by Connor Hellebuyck with a rebound.
2:03 of 1st period - Snap shot by Scott Hartnell.
2:03 of 1st period - Stopped by James Reimer with a rebound.
2:29 of 1st period - Wrist shot by John Tavares.
2:29 of 1st period - Stopped by Connor Hellebuyck with a rebound.
3:14 of 1st period - Snap shot by Jake DeBrusk.
3:14 of 1st period - Shot Blocked by Ryan Callahan.
3:28 of 1st period - Slapshot by John Tavares.
3:28 of 1st period - Stopped by Connor Hellebuyck with a rebound.
4:37 of 1st period - Scott Hartnell is hit by Connor Murphy and loses puck.
4:57 of 1st period - Phil Kessel is hit by Brandon Dubinsky and loses puck.
5:16 of 1st period - Lance Bouma is hit by Mark Scheifele and loses puck.
5:56 of 1st period - Jaycob Megna is hit by Nick Bonino and loses puck.
6:14 of 1st period - Lance Bouma is hit by Mark Scheifele and loses puck.
6:21 of 1st period - Tomas Tatar is hit by Brooks Orpik and loses puck.
6:34 of 1st period - Austin Watson is hit by Brandon Dubinsky and loses puck.
6:45 of 1st period - Slapshot by Sam Gagner.
6:45 of 1st period - Stopped by Connor Hellebuyck with a rebound.
7:12 of 1st period - Snap shot by BROCK BOESER.
7:12 of 1st period - Stopped by James Reimer without a rebound.
7:13 of 1st period - Byron Froese wins face-off versus Lukas Sedlak in Red Wings zone.
7:14 of 1st period - Wrist shot by BROCK BOESER.
7:14 of 1st period - Shot Misses the Net.
7:18 of 1st period - Backhand shot by Byron Froese.
7:18 of 1st period - Deflect By BROCK BOESER.
7:18 of 1st period - Stopped by James Reimer with a rebound.
7:20 of 1st period - Snap shot by Byron Froese.
7:20 of 1st period - Deflect By BROCK BOESER.
7:20 of 1st period - Stopped by James Reimer with a rebound.
7:47 of 1st period - Snap shot by John Tavares.
7:47 of 1st period - Stopped by Connor Hellebuyck with a rebound.
8:19 of 1st period - Icing by Christian Djoos.
8:20 of 1st period - Joseph Blandisi wins face-off versus Lance Bouma in Red Wings zone.
8:25 of 1st period - Nick Bonino is hit by Lance Bouma and loses puck.
8:56 of 1st period - Wrist shot by Scott Hartnell.
8:56 of 1st period - Stopped by James Reimer without a rebound.
8:57 of 1st period - Austin Watson wins face-off versus Brandon Dubinsky in Red Wings zone.
9:43 of 1st period - Ryan Callahan is hit by Joseph Blandisi and loses puck.
9:48 of 1st period - Snap shot by Matt Nieto.
9:48 of 1st period - Shot Blocked by Mark Barberio.
10:42 of 1st period - Tomas Tatar is hit by Ryan Pulock and loses puck.
11:05 of 1st period - Ryan Callahan is hit by John Carlson and loses puck.
11:10 of 1st period - Snap shot by Jake DeBrusk.
11:10 of 1st period - Shot Misses the Net.
12:02 of 1st period - Ben Hutton is hit by Byron Froese and loses puck.
12:15 of 1st period - Snap shot by Phil Kessel.
12:15 of 1st period - Deflect By Loui Eriksson.
12:15 of 1st period - Stopped by James Reimer without a rebound.
12:16 of 1st period - John Tavares wins face-off versus Phil Kessel in Red Wings zone.
12:41 of 1st period - Dennis Wideman is hit by Dion Phaneuf and loses puck.
13:16 of 1st period - Snap shot by Phil Kessel.
13:16 of 1st period - Stopped by James Reimer without a rebound.
13:17 of 1st period - Nick Bonino wins face-off versus Austin Watson in Red Wings zone.
13:50 of 1st period - Wrist shot by Brandon Dubinsky.
13:50 of 1st period - Stopped by Connor Hellebuyck with a rebound.
13:52 of 1st period - Slapshot by Ben Hutton.
13:52 of 1st period - Deflect By Sam Gagner.
13:52 of 1st period - Stopped by Connor Hellebuyck without a rebound.
13:53 of 1st period - John Tavares wins face-off versus Byron Froese in Whalers zone.
14:06 of 1st period - Wrist shot by John Tavares.
14:06 of 1st period - Shot Misses the Net.
14:49 of 1st period - Wrist shot by Joseph Blandisi.
14:49 of 1st period - Shot Blocked by Dennis Wideman.
14:51 of 1st period - Wrist shot by Nick Bonino.
14:51 of 1st period - Shot Blocked by Phil Kessel.
14:53 of 1st period - Wrist shot by Matt Nieto.
14:53 of 1st period - Stopped by Connor Hellebuyck with a rebound.
14:55 of 1st period - Wrist shot by Matt Nieto.
14:55 of 1st period - Deflect By Nick Bonino.
14:55 of 1st period - Shot Blocked by Mark Barberio.
14:55 of 1st period - Puck is out of play.
14:56 of 1st period - John Tavares wins face-off versus Byron Froese in Whalers zone.
15:23 of 1st period - Austin Watson is hit by Brandon Dubinsky and loses puck.
15:32 of 1st period - Snap shot by Sam Gagner.
15:32 of 1st period - Stopped by Connor Hellebuyck with a rebound.
15:48 of 1st period - Ryan Callahan is hit by Joseph Blandisi and loses puck.
16:06 of 1st period - Tomas Tatar is hit by Dustin Byfuglien and loses puck.
17:01 of 1st period - Slapshot by Kris Versteeg.
17:01 of 1st period - Deflect By Lance Bouma.
17:01 of 1st period - Stopped by James Reimer with a rebound.
17:03 of 1st period - Snap shot by Kris Versteeg.
17:03 of 1st period - Shot Misses the Net.
17:05 of 1st period - Wrist shot by Ryan Callahan.
17:05 of 1st period - Shot Misses the Net.
17:07 of 1st period - Snap shot by Lance Bouma.
17:07 of 1st period - Shot Misses the Net.
18:29 of 1st period - Drake Caggiula is hit by Cedric Paquette and loses puck.
18:48 of 1st period - Nick Bonino is hit by Ryan Pulock and loses puck.
18:55 of 1st period - Snap shot by Kris Versteeg.
18:55 of 1st period - Shot Misses the Net.
18:59 of 1st period - Slapshot by Lance Bouma.
18:59 of 1st period - Shot Blocked by Nick Bonino.
19:01 of 1st period - Snap shot by Jaycob Megna.
19:01 of 1st period - Stopped by James Reimer with a rebound.
19:17 of 1st period - Wrist shot by BROCK BOESER.
19:17 of 1st period - Stopped by James Reimer without a rebound.
19:18 of 1st period - Mark Scheifele wins face-off versus Byron Froese in Red Wings zone.
19:45 of 1st period - Snap shot by Jake DeBrusk.
19:45 of 1st period - Shot Misses the Net.
19:49 of 1st period - Slapshot by Cedric Paquette.
19:49 of 1st period - Shot Misses the Net.
19:51 of 1st period - Wrist shot by Jake DeBrusk.
19:51 of 1st period - Stopped by Connor Hellebuyck with a rebound.
19:53 of 1st period - Slapshot by Christian Djoos.
19:53 of 1st period - Shot Blocked by Dustin Byfuglien.
19:57 of 1st period - Wrist shot by Jake DeBrusk.
19:57 of 1st period - Stopped by Connor Hellebuyck without a rebound.
19:58 of 1st period - Austin Watson wins face-off versus Mark Scheifele in Whalers zone.
19:58 of 1st period - Austin Watson is hit by Mark Scheifele.
Goals for this period are 0 for Red Wings vs 0 for Whalers.
Shots for this period are 11 for Red Wings vs 10 for Whalers.

2nd period


0:01 of 2nd period - John Tavares wins face-off versus Austin Watson in neutral zone.
0:06 of 2nd period - Snap shot by John Tavares.
0:06 of 2nd period - Shot Misses the Net.
0:23 of 2nd period - Icing by Dion Phaneuf.
0:24 of 2nd period - John Tavares wins face-off versus BROCK BOESER in Red Wings zone.
0:37 of 2nd period - Snap shot by Sam Gagner.
0:37 of 2nd period - Shot Misses the Net.
1:11 of 2nd period - Dennis Wideman is hit by Matt Nieto and loses puck.
1:32 of 2nd period - Slapshot by Ben Hutton.
1:32 of 2nd period - Deflect By Sam Gagner.
1:32 of 2nd period - Shot Blocked by Dustin Byfuglien.
1:32 of 2nd period - Puck is out of play.
1:33 of 2nd period - Brandon Dubinsky wins face-off versus Byron Froese in Whalers zone.
1:40 of 2nd period - Slapshot by David Pastrnak.
1:40 of 2nd period - Stopped by Connor Hellebuyck with a rebound.
2:23 of 2nd period - Snap shot by BROCK BOESER.
2:23 of 2nd period - Shot Misses the Net.
2:25 of 2nd period - Slapshot by Dustin Byfuglien.
2:25 of 2nd period - Stopped by James Reimer without a rebound.
2:26 of 2nd period - Austin Watson wins face-off versus John Tavares in Red Wings zone.
2:53 of 2nd period - Snap shot by Matt Nieto.
2:53 of 2nd period - Shot Blocked by Mark Barberio.
3:03 of 2nd period - Wrist shot by Phil Kessel.
3:03 of 2nd period - Shot Misses the Net.
3:17 of 2nd period - Dennis Wideman is hit by Ben Hutton and loses puck.
4:11 of 2nd period - Icing by Tomas Tatar.
4:12 of 2nd period - John Tavares wins face-off versus Lance Bouma in Red Wings zone.
4:21 of 2nd period - Snap shot by David Pastrnak.
4:21 of 2nd period - Shot Misses the Net.
4:36 of 2nd period - Off-side.
4:37 of 2nd period - John Tavares wins face-off versus Austin Watson in neutral zone.
5:22 of 2nd period - Nick Bonino is hit by Ryan Callahan and loses puck.
6:30 of 2nd period - Icing by Scott Hartnell.
6:31 of 2nd period - Byron Froese wins face-off versus John Tavares in Whalers zone.
6:44 of 2nd period - Off-side.
6:45 of 2nd period - Austin Watson wins face-off versus John Tavares in neutral zone.
6:50 of 2nd period - Slapshot by Phil Kessel.
6:50 of 2nd period - Stopped by James Reimer with a rebound.
6:56 of 2nd period - Wrist shot by Mark Scheifele.
6:56 of 2nd period - Shot Blocked by Mark Barberio.
6:58 of 2nd period - Wrist shot by Mark Scheifele.
6:58 of 2nd period - Shot Misses the Net.
7:00 of 2nd period - Backhand shot by Paul Martin.
7:00 of 2nd period - Shot Blocked by Mark Barberio.
7:02 of 2nd period - Snap shot by Mark Scheifele.
7:02 of 2nd period - Shot Misses the Net.
7:12 of 2nd period - Brandon Dubinsky is hit by Ryan Callahan and loses puck.
7:37 of 2nd period - Wrist shot by Matt Nieto.
7:37 of 2nd period - Stopped by Connor Hellebuyck without a rebound.
7:38 of 2nd period - John Tavares wins face-off versus Austin Watson in Whalers zone.
7:39 of 2nd period - Snap shot by Tomas Tatar.
7:39 of 2nd period - Stopped by Connor Hellebuyck without a rebound.
7:40 of 2nd period - Austin Watson wins face-off versus John Tavares in Whalers zone.
7:49 of 2nd period - Snap shot by Loui Eriksson.
7:49 of 2nd period - Shot Blocked by Tomas Tatar.
7:51 of 2nd period - Wrist shot by Austin Watson.
7:51 of 2nd period - Stopped by James Reimer with a rebound.
7:53 of 2nd period - Snap shot by Austin Watson.
7:53 of 2nd period - Shot Misses the Net.
8:10 of 2nd period - Lance Bouma is hit by John Carlson.
9:01 of 2nd period - Wrist shot by Joseph Blandisi.
9:01 of 2nd period - Stopped by Connor Hellebuyck without a rebound.
9:02 of 2nd period - Kris Versteeg wins face-off versus Nick Bonino in Whalers zone.
9:19 of 2nd period - Icing by Matt Nieto.
9:20 of 2nd period - Nick Bonino wins face-off versus Austin Watson in Red Wings zone.
9:27 of 2nd period - Loui Eriksson is hit by Nick Bonino and loses puck.
9:41 of 2nd period - Slapshot by Paul Martin.
9:41 of 2nd period - Stopped by Connor Hellebuyck with a rebound.
9:43 of 2nd period - Slapshot by Connor Murphy.
9:43 of 2nd period - Stopped by Connor Hellebuyck without a rebound.
9:44 of 2nd period - Byron Froese wins face-off versus John Tavares in Whalers zone.
10:31 of 2nd period - Cedric Paquette is hit by Brooks Orpik and loses puck.
10:48 of 2nd period - Byron Froese is hit by John Tavares and loses puck.
10:57 of 2nd period - Snap shot by Mark Scheifele.
10:57 of 2nd period - Shot Misses the Net.
11:29 of 2nd period - Slapshot by BROCK BOESER.
11:29 of 2nd period - Shot Blocked by John Tavares.
11:31 of 2nd period - Wrist shot by Byron Froese.
11:31 of 2nd period - Shot Misses the Net.
11:33 of 2nd period - Wrist shot by Scott Hartnell.
11:33 of 2nd period - Shot Misses the Net.
11:39 of 2nd period - Snap shot by Scott Hartnell.
11:39 of 2nd period - Shot Misses the Net.
11:45 of 2nd period - Snap shot by BROCK BOESER.
11:45 of 2nd period - Stopped by James Reimer without a rebound.
11:46 of 2nd period - Austin Watson wins face-off versus Brandon Dubinsky in Red Wings zone.
12:02 of 2nd period - Austin Watson is hit by John Carlson and loses puck.
12:19 of 2nd period - Snap shot by Kris Versteeg.
12:19 of 2nd period - Shot Blocked by John Carlson.
12:33 of 2nd period - Connor Murphy is hit by Jonny Brodzinski and loses puck.
13:20 of 2nd period - Wrist shot by Austin Watson.
13:20 of 2nd period - Stopped by James Reimer with a rebound.
13:22 of 2nd period - Slapshot by Mark Barberio.
13:22 of 2nd period - Stopped by James Reimer without a rebound.
13:23 of 2nd period - Austin Watson wins face-off versus Nick Bonino in Red Wings zone.
13:32 of 2nd period - Snap shot by Loui Eriksson.
13:32 of 2nd period - Goal by Loui Eriksson - Red Wings : 0 - Whalers : 1.
13:33 of 2nd period - Mark Scheifele wins face-off versus Austin Watson in neutral zone.
14:27 of 2nd period - Slapshot by Dustin Byfuglien.
14:27 of 2nd period - Deflect By Kris Versteeg.
14:27 of 2nd period - Stopped by James Reimer with a rebound.
14:45 of 2nd period - Wrist shot by Jonny Brodzinski.
14:45 of 2nd period - Stopped by James Reimer with a rebound.
14:47 of 2nd period - Slapshot by Dennis Wideman.
14:47 of 2nd period - Shot Blocked by Ben Hutton.
14:59 of 2nd period - Mark Scheifele is hit by Scott Hartnell and loses puck.
15:06 of 2nd period - Wrist shot by John Tavares.
15:06 of 2nd period - Shot Blocked by Dennis Wideman.
15:20 of 2nd period - Ryan Callahan is hit by John Carlson and loses puck.
15:27 of 2nd period - Slapshot by David Pastrnak.
15:27 of 2nd period - Stopped by Connor Hellebuyck with a rebound.
15:48 of 2nd period - Ryan Pulock is hit by Nick Bonino and loses puck.
16:05 of 2nd period - Snap shot by Dion Phaneuf.
16:05 of 2nd period - Stopped by Connor Hellebuyck without a rebound.
16:06 of 2nd period - John Tavares wins face-off versus Austin Watson in Whalers zone.
16:15 of 2nd period - Backhand shot by Mark Scheifele.
16:15 of 2nd period - Stopped by Connor Hellebuyck without a rebound.
16:16 of 2nd period - John Tavares wins face-off versus Austin Watson in Whalers zone.
16:17 of 2nd period - Snap shot by Mark Scheifele.
16:17 of 2nd period - Shot Blocked by Brooks Orpik.
16:19 of 2nd period - Snap shot by Tomas Tatar.
16:19 of 2nd period - Deflect By Loui Eriksson.
16:19 of 2nd period - Stopped by Connor Hellebuyck without a rebound.
16:20 of 2nd period - John Tavares wins face-off versus Austin Watson in Whalers zone.
16:31 of 2nd period - Wrist shot by John Tavares.
16:31 of 2nd period - Shot Blocked by Brooks Orpik.
16:33 of 2nd period - Snap shot by Mark Scheifele.
16:33 of 2nd period - Stopped by Connor Hellebuyck with a rebound.
16:35 of 2nd period - Wrist shot by Tomas Tatar.
16:35 of 2nd period - Stopped by Connor Hellebuyck with a rebound.
16:37 of 2nd period - Slapshot by John Carlson.
16:37 of 2nd period - Stopped by Connor Hellebuyck without a rebound.
16:38 of 2nd period - Byron Froese wins face-off versus Brandon Dubinsky in Whalers zone.
16:53 of 2nd period - Icing by Sam Gagner.
16:54 of 2nd period - Austin Watson wins face-off versus Brandon Dubinsky in Red Wings zone.
17:05 of 2nd period - Wrist shot by Loui Eriksson.
17:05 of 2nd period - Stopped by James Reimer with a rebound.
17:45 of 2nd period - Slapshot by Dustin Byfuglien.
17:45 of 2nd period - Deflect By Phil Kessel.
17:45 of 2nd period - Stopped by James Reimer with a rebound.
18:01 of 2nd period - Minor Penalty to Kris Versteeg for Hooking.
18:02 of 2nd period - John Tavares wins face-off versus Phil Kessel in Whalers zone.
18:05 of 2nd period - Snap shot by John Tavares.
18:05 of 2nd period - Goal by John Tavares - Red Wings : 1 - Whalers : 1.
18:06 of 2nd period - John Tavares wins face-off versus Austin Watson in neutral zone.
18:08 of 2nd period - Off-side.
18:09 of 2nd period - John Tavares wins face-off versus Austin Watson in neutral zone.
18:14 of 2nd period - Snap shot by Paul Martin.
18:14 of 2nd period - Shot Blocked by Dustin Byfuglien.
18:55 of 2nd period - Off-side.
18:56 of 2nd period - Nick Bonino wins face-off versus Lance Bouma in neutral zone.
19:21 of 2nd period - Snap shot by Sam Gagner.
19:21 of 2nd period - Shot Misses the Net.
19:31 of 2nd period - Wrist shot by David Pastrnak.
19:31 of 2nd period - Stopped by Connor Hellebuyck without a rebound.
19:32 of 2nd period - John Tavares wins face-off versus Austin Watson in Whalers zone.
Goals for this period are 1 for Red Wings vs 1 for Whalers.
Shots for this period are 15 for Red Wings vs 11 for Whalers.

3rd period


0:01 of 3rd period - John Tavares wins face-off versus Austin Watson in neutral zone.
0:09 of 3rd period - John Carlson is hit by Austin Watson and loses puck.
0:14 of 3rd period - Snap shot by Phil Kessel.
0:14 of 3rd period - Shot Hit the Post.
1:10 of 3rd period - Drake Caggiula is hit by Joseph Blandisi and loses puck.
1:34 of 3rd period - Minor Penalty to BROCK BOESER for Boarding.
1:35 of 3rd period - Phil Kessel wins face-off versus John Tavares in Whalers zone.
1:43 of 3rd period - Slapshot by Phil Kessel.
1:43 of 3rd period - Shot Blocked by Ben Hutton.
1:51 of 3rd period - Snap shot by John Carlson.
1:51 of 3rd period - Goal by John Carlson - Red Wings : 2 - Whalers : 1.
1:52 of 3rd period - Austin Watson wins face-off versus John Tavares in neutral zone.
1:59 of 3rd period - Dion Phaneuf is hit by Loui Eriksson and loses puck.
2:18 of 3rd period - Sam Gagner is hit by Byron Froese and loses puck.
2:23 of 3rd period - Snap shot by Scott Hartnell.
2:23 of 3rd period - Deflect By BROCK BOESER.
2:23 of 3rd period - Stopped by James Reimer with a rebound.
2:54 of 3rd period - Ryan Callahan is hit by Matt Nieto and loses puck.
3:11 of 3rd period - Backhand shot by Mark Scheifele.
3:11 of 3rd period - Shot Misses the Net.
3:13 of 3rd period - Wrist shot by John Tavares.
3:13 of 3rd period - Stopped by Connor Hellebuyck without a rebound.
3:14 of 3rd period - Brandon Dubinsky wins face-off versus Phil Kessel in Whalers zone.
3:21 of 3rd period - Snap shot by Brandon Dubinsky.
3:21 of 3rd period - Stopped by Connor Hellebuyck without a rebound.
3:22 of 3rd period - David Pastrnak wins face-off versus Austin Watson in Whalers zone.
3:25 of 3rd period - Wrist shot by Brandon Dubinsky.
3:25 of 3rd period - Stopped by Connor Hellebuyck with a rebound.
3:43 of 3rd period - Minor Penalty to Dustin Byfuglien for Holding.
3:44 of 3rd period - Phil Kessel wins face-off versus John Tavares in Whalers zone.
4:15 of 3rd period - Wrist shot by Tomas Tatar.
4:15 of 3rd period - Goal by Tomas Tatar - Red Wings : 3 - Whalers : 1.
4:16 of 3rd period - John Tavares wins face-off versus Austin Watson in neutral zone.
4:19 of 3rd period - Brooks Orpik is hit by Tomas Tatar and loses puck.
4:32 of 3rd period - Slapshot by Phil Kessel.
4:32 of 3rd period - Shot Hit the Post.
5:10 of 3rd period - Slapshot by Ryan Callahan.
5:10 of 3rd period - Shot Misses the Net.
5:33 of 3rd period - Slapshot by Drake Caggiula.
5:33 of 3rd period - Stopped by James Reimer with a rebound.
5:41 of 3rd period - Phil Kessel is hit by Lukas Sedlak and loses puck.
6:05 of 3rd period - BROCK BOESER is hit by David Pastrnak and loses puck.
6:18 of 3rd period - Wrist shot by Kris Versteeg.
6:18 of 3rd period - Goal by Kris Versteeg - Red Wings : 3 - Whalers : 2.
6:19 of 3rd period - John Tavares wins face-off versus Austin Watson in neutral zone.
6:26 of 3rd period - Snap shot by Loui Eriksson.
6:26 of 3rd period - Shot Hit the Post.
6:28 of 3rd period - Snap shot by Loui Eriksson.
6:28 of 3rd period - Shot Misses the Net.
6:30 of 3rd period - Slapshot by Dustin Byfuglien.
6:30 of 3rd period - Stopped by James Reimer without a rebound.
6:31 of 3rd period - Austin Watson wins face-off versus John Tavares in Red Wings zone.
6:58 of 3rd period - Brooks Orpik is hit by Brandon Dubinsky and loses puck.
7:30 of 3rd period - Paul Martin is hit by Ryan Pulock and loses puck.
7:35 of 3rd period - Wrist shot by Kris Versteeg.
7:35 of 3rd period - Shot Misses the Net.
7:59 of 3rd period - Icing by Phil Kessel.
8:00 of 3rd period - Austin Watson wins face-off versus Brandon Dubinsky in Whalers zone.
8:52 of 3rd period - Icing by Jaycob Megna.
8:53 of 3rd period - John Tavares wins face-off versus Lance Bouma in Whalers zone.
9:21 of 3rd period - Snap shot by Ryan Callahan.
9:21 of 3rd period - Shot Misses the Net.
9:23 of 3rd period - Slapshot by Ryan Callahan.
9:23 of 3rd period - Stopped by James Reimer with a rebound.
9:25 of 3rd period - Snap shot by Kris Versteeg.
9:25 of 3rd period - Stopped by James Reimer without a rebound.
9:26 of 3rd period - Austin Watson wins face-off versus John Tavares in Red Wings zone.
9:27 of 3rd period - Wrist shot by Phil Kessel.
9:27 of 3rd period - Shot Misses the Net.
9:35 of 3rd period - Snap shot by John Tavares.
9:35 of 3rd period - Stopped by Connor Hellebuyck with a rebound.
9:37 of 3rd period - Wrist shot by Tomas Tatar.
9:37 of 3rd period - Stopped by Connor Hellebuyck with a rebound.
9:39 of 3rd period - Snap shot by Mark Scheifele.
9:39 of 3rd period - Shot Misses the Net.
9:41 of 3rd period - Wrist shot by John Tavares.
9:41 of 3rd period - Shot Misses the Net.
9:43 of 3rd period - Snap shot by John Tavares.
9:43 of 3rd period - Shot Blocked by Dustin Byfuglien.
10:42 of 3rd period - Jake DeBrusk is hit by Dustin Byfuglien and loses puck.
11:49 of 3rd period - Connor Murphy is hit by Drake Caggiula and loses puck.
12:06 of 3rd period - Ben Hutton is hit by Jaycob Megna and loses puck.
12:19 of 3rd period - BROCK BOESER is hit by John Tavares and loses puck.
12:26 of 3rd period - Snap shot by Mark Scheifele.
12:26 of 3rd period - Stopped by Connor Hellebuyck with a rebound.
12:28 of 3rd period - Slapshot by Tomas Tatar.
12:28 of 3rd period - Stopped by Connor Hellebuyck with a rebound.
13:36 of 3rd period - Dustin Byfuglien is hit by Paul Martin and loses puck.
13:43 of 3rd period - Slapshot by Brandon Dubinsky.
13:43 of 3rd period - Stopped by Connor Hellebuyck without a rebound.
13:44 of 3rd period - John Tavares wins face-off versus Austin Watson in Whalers zone.
14:28 of 3rd period - Snap shot by Joseph Blandisi.
14:28 of 3rd period - Stopped by Connor Hellebuyck without a rebound.
14:29 of 3rd period - Nick Bonino wins face-off versus Byron Froese in Whalers zone.
14:42 of 3rd period - Wrist shot by Scott Hartnell.
14:42 of 3rd period - Goal by Scott Hartnell - Red Wings : 3 - Whalers : 3.
14:43 of 3rd period - Austin Watson wins face-off versus John Tavares in neutral zone.
14:57 of 3rd period - Snap shot by Mark Scheifele.
14:57 of 3rd period - Shot Misses the Net.
14:59 of 3rd period - Snap shot by John Tavares.
14:59 of 3rd period - Stopped by Connor Hellebuyck without a rebound.
15:00 of 3rd period - Brandon Dubinsky wins face-off versus Byron Froese in Whalers zone.
15:15 of 3rd period - Slapshot by Sam Gagner.
15:15 of 3rd period - Shot Misses the Net.
15:21 of 3rd period - Minor Penalty to Dustin Byfuglien for Interference.
15:22 of 3rd period - John Tavares wins face-off versus Phil Kessel in Whalers zone.
16:47 of 3rd period - Sam Gagner is hit by Ryan Callahan and loses puck.
16:54 of 3rd period - Brooks Orpik is hit by Sam Gagner and loses puck.
17:21 of 3rd period - Penalty to Dustin Byfuglien is over, Dustin Byfuglien is back on ice.
17:33 of 3rd period - Backhand shot by Byron Froese.
17:33 of 3rd period - Shot Misses the Net.
17:35 of 3rd period - Slapshot by Byron Froese.
17:35 of 3rd period - Shot Misses the Net.
17:52 of 3rd period - Slapshot by Ben Hutton.
17:52 of 3rd period - Shot Misses the Net.
17:54 of 3rd period - Snap shot by Matt Nieto.
17:54 of 3rd period - Deflect By Nick Bonino.
17:54 of 3rd period - Shot Misses the Net.
17:54 of 3rd period - Puck is out of play.
17:55 of 3rd period - Brandon Dubinsky wins face-off versus Scott Hartnell in Whalers zone.
18:41 of 3rd period - Mark Barberio is hit by John Carlson and loses puck.
19:28 of 3rd period - BROCK BOESER is hit by Connor Murphy and loses puck.
Goals for this period are 2 for Red Wings vs 2 for Whalers.
Shots for this period are 12 for Red Wings vs 7 for Whalers.

Overtime #1


0:01 of 1st overtime period - John Tavares wins face-off versus Phil Kessel in neutral zone.
1:43 of 1st overtime period - Wrist shot by Ryan Callahan.
1:43 of 1st overtime period - Shot Blocked by Tomas Tatar.
1:45 of 1st overtime period - Wrist shot by Austin Watson.
1:45 of 1st overtime period - Shot Misses the Net.
1:47 of 1st overtime period - Slapshot by Dennis Wideman.
1:47 of 1st overtime period - Shot Blocked by John Carlson.
3:28 of 1st overtime period - Cedric Paquette is hit by Dennis Wideman and loses puck.
4:25 of 1st overtime period - Icing by Kris Versteeg.
4:26 of 1st overtime period - Loui Eriksson wins face-off versus Brandon Dubinsky in Whalers zone.
4:35 of 1st overtime period - Snap shot by BROCK BOESER.
4:35 of 1st overtime period - Shot Misses the Net.
4:37 of 1st overtime period - Snap shot by BROCK BOESER.
4:37 of 1st overtime period - Stopped by James Reimer with a rebound.
Goals for this period are 0 for Red Wings vs 0 for Whalers.
Shots for this period are 0 for Red Wings vs 1 for Whalers.

ShootOut


5:00 of 1st overtime period - Penalty Shot by Nick Bonino for Red Wings.
5:00 of 1st overtime period - Deke by Nick Bonino.
5:00 of 1st overtime period - Shot Misses the Net.
5:00 of 1st overtime period - Penalty Shot by Dustin Byfuglien for Whalers.
5:00 of 1st overtime period - Wrist shot by Dustin Byfuglien.
5:00 of 1st overtime period - Shot Misses the Net.
5:00 of 1st overtime period - Penalty Shot by John Tavares for Red Wings.
5:00 of 1st overtime period - Snap shot by John Tavares.
5:00 of 1st overtime period - Stopped by Connor Hellebuyck.
5:00 of 1st overtime period - Penalty Shot by Phil Kessel for Whalers.
5:00 of 1st overtime period - Backhand shot by Phil Kessel.
5:00 of 1st overtime period - Shot Misses the Net.
5:00 of 1st overtime period - Penalty Shot by David Pastrnak for Red Wings.
5:00 of 1st overtime period - Backhand shot by David Pastrnak.
5:00 of 1st overtime period - Stopped by Connor Hellebuyck.
5:00 of 1st overtime period - Penalty Shot by BROCK BOESER for Whalers.
5:00 of 1st overtime period - Backhand shot by BROCK BOESER.
5:00 of 1st overtime period - Shot Misses the Net.
5:00 of 1st overtime period - Penalty Shot by Tomas Tatar for Red Wings.
5:00 of 1st overtime period - Wrist shot by Tomas Tatar.
5:00 of 1st overtime period - Shot Misses the Net.
5:00 of 1st overtime period - Penalty Shot by Loui Eriksson for Whalers.
5:00 of 1st overtime period - Backhand shot by Loui Eriksson.
5:00 of 1st overtime period - Stopped by James Reimer.
5:00 of 1st overtime period - Penalty Shot by Mark Scheifele for Red Wings.
5:00 of 1st overtime period - Wrist shot by Mark Scheifele.
5:00 of 1st overtime period - Goal by Mark Scheifele.
5:00 of 1st overtime period - Penalty Shot by Scott Hartnell for Whalers.
5:00 of 1st overtime period - Backhand shot by Scott Hartnell.
5:00 of 1st overtime period - Stopped by James Reimer.